 Dungeon Crawl Stone Soup version 0.28-a0-938-gbc3f381ebc (webtiles) character file.

Game seed: 3726635863241803633

80409 freelancePsychic the Peltast (level 16, -3/115 HPs)
             Began as a Djinni Summoner on Nov 28, 2021.
             Was an Elder of Jiyva.
             Slain by an orc warlord (15 damage)
             ... on level 10 of the Dungeon.
             The game lasted 01:14:08 (36701 turns).

freelancePsychic the Peltast (Djinni Summoner)     Turns: 36701, Time: 01:14:09

Health: -3/115     AC: 17    Str:  7    XL:     16   Next: 14%
Gold:   2386       EV: 13    Int: 23    God:    Jiyva [****..] SH: 16 Dex: 15

rFire   + + .      SeeInvis +   N - +3 double sword (venom)
rCold   . . .      Faith    .   D - +3 kite shield {rC+}
rNeg    . . .      Spirit   .   A - +0 acid dragon scales
rPois   ∞          Reflect  .   h - +1 hat {Stlth+}
rElec   .          Harm     .   p - +2 cloak
rCorr   +          Rampage  .   b - +2 pair of gloves {hurl}
Will    ++...                   (boots unavailable)
Stlth   +++.......              H - amulet of the acrobat
HPRegen 1.57/turn               f - +4 ring of protection
MPRegen 0.00/turn               o - ring of willpower

@: flying
A: sickness immunity, fire resistance 2, cold vulnerability 1, float, innate
caster, hp casting, extra vitality 1, eyeballs 3, tendrils
a: Renounce Religion, Oozemancy, Slimify


You were on level 10 of the Dungeon.
You worshipped Jiyva.
Jiyva was greatly pleased with you.
You visited 4 branches of the dungeon, and saw 20 of its levels.
You also visited: Sewer, Gauntlet and Ice Cave.

You collected 2386 gold pieces.

Inventory:

Hand Weapons
 i - a +2 dagger of protection
 N - a +3 double sword of venom (weapon)
Missiles
 g - 267 stones
Armour
 a - a +0 robe
 b - a +2 pair of gloves of hurling (worn)
 h - a +1 hat of stealth (worn)
 p - a +2 cloak (worn)
 A - +0 acid dragon scales (worn)
 D - a +3 kite shield of cold resistance (worn)
 E - a +0 buckler
Magical Staves
 r - a staff of earth
 B - a staff of cold
Jewellery
 f - a +4 ring of protection (left hand)
 o - a ring of willpower (right hand)
 u - the ring "Jogayvoc" {rPois rF- rC+++ Str+6 SInv}
   (You took it off a minotaur in a Gauntlet)

   [ring of strength]

   Str:       It affects your strength (+6).
   rF:        It makes you vulnerable to fire.
   rC:        It renders you almost immune to cold.
   rPois:     It protects you from poison.
   SInv:      It lets you see invisible.
 H - an amulet of the acrobat (around neck)
 M - a ring of protection from cold
 O - a ring of protection from cold
 P - an amulet of reflection
Wands
 q - a wand of acid (25)
 s - a wand of charming (8)
 t - a wand of flame (27)
 y - a wand of iceblast (25)
 I - a wand of digging (12)
 K - a wand of mindburst (12)
Scrolls
 d - 5 scrolls of identify {@r1}
 e - a scroll of fear
 v - a scroll of immolation
 w - 7 scrolls of fog
 J - a scroll of acquirement
Potions
 j - 2 potions of degeneration
 k - 3 potions of curing {@q1}
 l - 2 potions of resistance
 m - a potion of heal wounds {@q2}
 n - a potion of haste {@q3}
 x - 4 potions of mutation
 z - 2 potions of might
 F - a potion of cancellation
 L - 8 potions of ambrosia


   Skills:
 + Level 10.6 Fighting
 + Level 9.0 Long Blades
 - Level 7.0 Dodging
 - Level 1.5 Stealth
 - Level 15.0 Shields
 - Level 12.4 Spellcasting
 - Level 8.4 Invocations


You had 2 spell levels left.
You knew the following spells:

 Your Spells              Type           Power      Damage    Failure   Level
a - Starburst             Conj/Fire      32%        6d10      8%          6
b - Stone Arrow           Conj/Erth      100%       3d13      1%          3
c - Call Canine Familiar  Summ           64%        N/A       1%          3
d - Summon Guardian Gole  Hex/Summ       64%        N/A       1%          3
e - Summon Lightning Spi  Summ/Air       64%        N/A       1%          4
f - Slow                  Hex            100%       N/A       1%          1
g - Summon Small Mammal   Summ           100%       N/A       1%          1
h - Manifold Assault      Tloc           64%        N/A       1%          5
i - Call Imp              Summ           64%        N/A       1%          2
j - Leda's Liquefaction   Hex/Erth       32%        N/A       1%          4
k - Ozocubu's Armour      Ice            64%        N/A       1%          3
l - Scorch                Fire           100%       2d10      1%          2
Your spell library was empty.

Dungeon Overview and Level Annotations

Branches:
Dungeon (12/15)            Temple (1/1) D:5            Lair (6/6) D:10
  Swamp (0/4) Lair:4       Spider (0/4) Lair:3        Slime (0/5) Lair:5
    Orc (1/2) D:10          Sewer (visited)           IceCv (visited)
Gauntlet (visited)

Altars:
Ashenzari
Cheibriados
Dithmenos
Elyvilon
Fedhas
Gozag
Hepliaklqana
Kikubaaqudgha
Makhleb
Nemelex Xobeh
Okawaru
Qazlal
Ru
Sif Muna
Trog
Uskayaw
Vehumet
Wu Jian
Xom
Yredelemnul
Zin
The Shining One
Jiyva

Shops:
D:1 (

Annotations:
D:9 3 runed translucent doors, ragingrage's ghost, novice MfAr
D:11 exclusion: orange crystal statue
Lair:3 2 transporters, Vior's ghost, journeyman MiFi


Innate Abilities, Weirdness & Mutations

You are immune to sickness and miasma.
You are immune to poison.
Your flesh is very heat resistant. (rF++)
You are vulnerable to cold. (rC-)
You float through the air rather than walking.
You learn spells naturally, not from books.
Your magical power is your life essence.
You have superior vitality. (+4 HP)
Your body is covered in eyes which may confuse attackers. (Acc +7, SInv)
You are covered in slimy tendrils that may disarm your opponents.


Message History

You kill the orc!
The bolt of fire hits the orc sorcerer!!
You kill the orc sorcerer!
The bolt of fire hits the orc warrior!!!
You kill the orc warrior!
The orc warrior closely misses you.
Your Long Blades skill increases to level 9!
Casting: Starburst (dangerous; 8% risk of failure)
Confirm with . or Enter, or press ? or * to list all spells.
Casting: Starburst (dangerous; 8% risk of failure)
Press: ? - help, Dir - look around, f - activate The bolt of fire misses the orc knight.
The bolt of fire hits the orc warrior!!
You kill the orc warrior!
An orc comes into view. It is wielding a +0 dagger.
The orc warlord roars a battlecry!
The orcs go into a battle-frenzy!
The orc knight shoots a bolt.
You block the bolt.
The orc warrior hits you from afar with a +0 glaive!
Casting: Starburst (dangerous; 8% risk of failure)
Confirm with . or Enter, or press ? or * to list all spells.
Casting: Starburst (dangerous; 8% risk of failure)
Press: ? - help, Dir - look around, f - activate The bolt of fire hits the orc!!!
You kill the orc!
The bolt of fire hits the troll!!
The troll is almost dead.
The bolt of fire hits the orc knight!!!
The orc knight is heavily wounded.
The orc warrior closely misses you.
The orc warlord hits you with a +3 battleaxe of electrocution!!
You block the orc warrior's attack.
You fly upwards.
Welcome back to the Dungeon!
There is a staircase to the Orcish Mines here.
Casting: Starburst (dangerous; 8% risk of failure)
Confirm with . or Enter, or press ? or * to list all spells.
An electric hum fills the air.
The orc warlord hits you with a +3 battleaxe of electrocution!!!
* * * LOW HITPOINT WARNING * * *
You are electrocuted!
You die...

#####..###.######.#.#.#######
#.................#.#.#######
#..##..###.#.####.>..........
#......#.....................
##<##...................#...#
#.##.##.##..#####..#.#.#...#
#.##.##.##..### #..#.#.#...#
###.##.##.##..#.###).#.#......
#............@................
###...........o8.....#.......#
#.##.##.##......[..#.......#
#.##.##.##.......).!.......#
#.##.##.......###..#.......#
#.##.##.##....###..#.......#
#.##...............#........
#.########....###[##...<...#
### #......[.(........#


You could see an orc warlord (strong, ally target) and a friendly lightning
spire (summoned).

Vanquished Creatures
  Rupert (D:12)
  A reaper (IceCv)
  A minotaur (Gauntlet)
  7 hydras
  A catoblepas (Lair:6)
  A centaur warrior (D:9)
  2 death yaks (Lair:2)
  A tengu warrior (D:12)
  A bog body (Lair:4)
  A glowing orange brain (D:9)
  A swamp dragon (Lair:6)
  A lindwurm (Lair:5)
  An orc sorcerer (Orc:1)
  4 ugly things
  A cyclops (D:12)
  14 elephants
  Maurice (D:10)
  A moth of wrath (Gauntlet)
  2 ice statues (IceCv)
  5 black mambas
  A minotaur zombie (Gauntlet)
  8 cane toads
  Psyche (D:11)
  11 komodo dragons
  2 kobold demonologists (D:10)
  7 rime drakes
  3 entropy weaver simulacra (IceCv)
  6 ice devils
  3 jumping spiders (Lair:3)
  3 meliai (Lair:4)
  A queen bee (Lair:4)
  8 polar bears
  A hornet (D:7)
  5 raiju (Lair:6)
  23 blink frogs
  6 redbacks (Lair:3)
  6 wyverns
  8 wraiths
  A vampire (D:12)
  6 basilisks
  2 shadows
  47 yaks
  A death yak simulacrum (IceCv)
  3 steam dragons
  3 wargs (Lair:6)
  10 water moccasins
  Edmund (D:4)
  3 acid dragons
  11 hell hounds (Lair:6)
  2 necrophages
  7 orc warriors
  Pargi (Sewer)
  8 black bears
  2 ice beasts
  An ogre (D:6)
  21 wolves
  2 centaurs
  3 phantoms
  3 kobold brigands
  A gnoll sergeant (D:11)
  15 bullfrogs
  2 cane toad simulacra (IceCv)
  2 two-headed ogre simulacra (IceCv)
  2 scorpions
  Dowan (D:5)
  13 killer bees (Lair:4)
  A water moccasin skeleton (D:5)
  4 wights (D:7)
  5 howler monkeys
  5 electric eels
  3 centaur zombies
  2 hounds
  A gnoll shaman (D:5)
  4 orc priests
  3 iguanas
  6 hell rats (Lair:1)
  11 orc wizards
  A polar bear simulacrum (IceCv)
  4 troll simulacra (IceCv)
  A spriggan simulacrum (IceCv)
  A wolf simulacrum (IceCv)
  A howler monkey zombie (D:7)
  3 gnolls
  4 adders
  2 howler monkey skeletons (D:7)
  A shadow imp (D:6)
  6 white imps
  An ufetubus (IceCv)
  An adder skeleton (D:4)
  28 orcs
  2 giant cockroaches
  2 goblins
  3 hobgoblins
  4 jackals
  9 kobolds
  A quokka (D:1)
  A ball python (D:1)
  6 bats
  A frilled lizard (D:1)
  2 rats
  A spectral orc (D:3)
  A butterfly (Lair:6)
457 creatures vanquished.

Vanquished Creatures (collateral kills)
  Gastronok (D:11)
  Josephine (D:11)
  A fire dragon (Lair:6)
  Erolcha (D:10)
  A hydra (Lair:5)
  A death yak (Lair:2)
  Urug (D:11)
  3 bog bodies (Lair:4)
  A cyclops (D:11)
  A black mamba (Lair:1)
  An elephant (Lair:3)
  A cane toad (Lair:5)
  A kobold demonologist (D:10)
  An ice devil (IceCv)
  2 polar bears
  5 blink frogs
  Sigmund (D:4)
  2 redbacks (Lair:3)
  A wyvern (Lair:3)
  12 yaks
  3 wraiths
  A basilisk (D:10)
  A swamp worm (Lair:4)
  An ice beast (D:6)
  2 orc warriors
  2 black bears (Lair:6)
  2 wolves
  A bullfrog (D:6)
  A gnoll sergeant (D:5)
  A wyvern zombie (D:6)
  11 killer bees
  A wight (D:9)
  An elephant simulacrum (IceCv)
  2 howler monkeys
  4 centaur zombies
  2 orc wizards (D:9)
  A spriggan simulacrum (IceCv)
  4 gnolls
  5 adders
  A naga simulacrum (IceCv)
  2 ufetubi
  6 orcs
  8 ball pythons
  4 bats
  An endoplasm (D:3)
  3 giant cockroaches
  4 hobgoblins
  4 kobolds
  3 quokkas
  3 frilled lizards
  A goblin (D:1)
  7 rats
132 creatures vanquished.

Vanquished Creatures (others)
  A hydra (Lair:1)
  2 elephants (Lair:1)
  A polar bear (Lair:6)
  A raiju (Lair:6)
  2 wraiths
  2 wyverns (Lair:4)
  A basilisk (Lair:6)
  5 yaks
  An acid dragon (D:12)
  Duvessa (D:5)
  A water moccasin (D:5)
  An orc warrior (D:6)
  3 black bears (Lair:6)
  An ogre (D:5)
  A wolf (Lair:6)
  An electric eel (Lair:6)
  A howler monkey (D:12)
  A gnoll shaman (D:6)
  42 jellies
  3 orc wizards
  2 gnolls (D:5)
  An ufetubus (IceCv)
  3 orcs (D:12)
  77 fungi
  137 plants
  14 withered plants (Gauntlet)
306 creatures vanquished.

Grand Total: 895 creatures vanquished

Notes
Turn   | Place    | Note
-------+----------+-------------------------------------------
     0 | D:1      | freelancePsychic the Djinni Summoner began the quest for
                  | the Orb.
     0 | D:1      | Reached XP level 1. HP: 15/15 MP: 0/0
   164 | D:1      | Reached XP level 2. HP: 16/22 MP: 0/0
   909 | D:1      | Found a faded altar of an unknown god.
   972 | D:1      | Reached skill level 1 in Fighting
  1283 | D:1      | Found Gir Baa's Weapon Boutique.
  1484 | D:1      | Reached XP level 3. HP: 16/27 MP: 0/0
  1484 | D:1      | Learned a level 1 spell: Slow
  2807 | D:2      | Reached XP level 4. HP: 28/33 MP: 0/0
  3627 | D:3      | Noticed an ice beast
  3851 | D:3      | Reached XP level 5. HP: 34/38 MP: 0/0
  3851 | D:3      | Learned a level 2 spell: Scorch
  4346 | D:3      | Found a basalt altar of Yredelemnul.
  4347 | D:3      | Acquired 811 gold pieces
  4611 | D:3      | Found a faded altar of an unknown god.
  4615 | D:3      | Found an opulent altar of Gozag.
  5030 | D:3      | Killed an ice beast
  5031 | D:3      | Reached XP level 6. HP: 36/45 MP: 0/0
  5196 | D:4      | Reached skill level 5 in Spellcasting
  5987 | D:4      | Reached XP level 7. HP: 19/50 MP: 0/0
  5987 | D:4      | Learned a level 3 spell: Ozocubu's Armour
  6212 | D:4      | Identified the +6 rapier of Tamus {venom, Dex+6}
  6700 | D:4      | Noticed Edmund
  6704 | D:4      | Noticed Sigmund
  6718 | D:4      | Killed Edmund
  6743 | D:4      | Killed Sigmund
  7103 | D:5      | Entered Level 5 of the Dungeon
  7119 | D:5      | Reached XP level 8. HP: 46/58 MP: 0/0
  7391 | D:5      | Found a glowing drain.
  7394 | D:5      | Noticed Duvessa
  7395 | D:5      | Noticed Dowan
  7469 | D:5      | Killed Duvessa
  7470 | D:5      | Reached skill level 5 in Fighting
  7470 | D:5      | HP: 1/88 [Dowan/stone arrow (24)]
  7473 | D:5      | Killed Dowan
  7587 | Sewer    | Entered a sewer
  7896 | Sewer    | Noticed Pargi
  7902 | Sewer    | Killed Pargi
  8201 | D:5      | Reached XP level 9. HP: 62/66 MP: 0/0
  8201 | D:5      | Learned a level 3 spell: Stone Arrow
  8528 | D:5      | Found a staircase to the Ecumenical Temple.
  8777 | Temple   | Entered the Ecumenical Temple
  8958 | Temple   | Became a worshipper of Elyvilon the Healer
  9604 | D:6      | Reached skill level 1 in Invocations
  9746 | D:6      | Identified the +0 scale mail "Luserula" {rElec rPois Will+
                  | Str-4}
 10007 | D:6      | Found a shadowy altar of Dithmenos.
 10176 | D:6      | Reached * piety under Elyvilon
 11221 | D:7      | Reached XP level 10. HP: 53/75 MP: 0/0
 11629 | D:7      | Reached ** piety under Elyvilon
 13315 | D:8      | Identified the +2 leather armour of Vexation {+Blink Will+
                  | rCorr}
 13477 | D:9      | Reached *** piety under Elyvilon
 13796 | D:9      | Upgraded the game from 0.28-a0-932-g843f935a50 to
                  | 0.28-a0-938-gbc3f381ebc
 13797 | D:9      | Noticed a centaur warrior
 13820 | D:9      | Reached skill level 5 in Invocations
 14120 | D:9      | Killed a centaur warrior
 14121 | D:9      | Reached skill level 10 in Spellcasting
 14121 | D:9      | Reached XP level 11. HP: 50/82 MP: 0/0
 14121 | D:9      | Learned a level 4 spell: Leda's Liquefaction
 14351 | D:9      | Found a runed translucent gate.
 14351 | D:9      | Found a runed translucent gate.
 14351 | D:9      | Found a runed translucent gate.
 14351 | D:9      | Noticed a brown ugly thing
 14351 | D:9      | Noticed a red ugly thing
 14353 | D:9      | Noticed a brown ugly thing
 14384 | D:9      | Noticed a glowing orange brain
 14473 | D:9      | Found a shimmering altar of Xom.
 14710 | D:9      | Identified the +10 rapier of the Crypt {elec, rN+ Dex+4}
 14962 | D:9      | Killed a brown ugly thing
 14967 | D:9      | Killed a green ugly thing
 14972 | D:9      | Killed a green ugly thing
 14976 | D:9      | Killed a glowing orange brain
 15096 | D:9      | Found a runed translucent gate.
 15096 | D:9      | Found a runed translucent gate.
 15100 | D:9      | Found a runed translucent gate.
 15100 | D:9      | Noticed ragingrage's ghost (novice MfAr)
 15100 | D:9      | Noticed a fire crab
 15106 | D:9      | a fire crab changed into a tarantella
 15176 | D:10     | Entered Level 10 of the Dungeon
 15197 | D:10     | Noticed an elephant
 15205 | D:10     | Reached skill level 1 in Shields
 15357 | D:10     | Was placed under penance by Elyvilon
 15357 | D:10     | Killed an elephant
 15358 | D:10     | Reached skill level 2 in Shields
 15358 | D:10     | Found a staircase to the Orcish Mines.
 15444 | D:10     | Noticed Erolcha
 15461 | D:10     | Killed Erolcha
 15602 | D:10     | Found a staircase to the Lair.
 15604 | D:10     | Noticed Maurice
 15623 | D:10     | Killed Maurice
 15624 | D:10     | Reached skill level 3 in Shields
 16050 | D:10     | Was forgiven by Elyvilon
 16050 | D:10     | Found a sparkling altar of Nemelex Xobeh.
 16349 | D:10     | Reached XP level 12. HP: 49/89 MP: 0/0
 17127 | D:11     | Reached skill level 4 in Shields
 17630 | D:11     | Reached **** piety under Elyvilon
 17825 | D:11     | Noticed Josephine
 17842 | D:11     | Killed Josephine
 17851 | D:11     | Noticed Urug
 17942 | D:12     | Noticed Rupert
 18441 | D:11     | Noticed Gastronok
 18468 | D:11     | Killed Gastronok
 18533 | D:11     | Noticed Psyche
 18544 | D:11     | Killed Psyche
 18697 | D:11     | Reached skill level 5 in Dodging
 19304 | Lair:1   | Entered Level 1 of the Lair of Beasts
 19351 | Lair:1   | Found a gate leading to a gauntlet.
 19360 | Gauntlet | Entered a Gauntlet
 19360 | Gauntlet | Found a transporter.
 19360 | Gauntlet | Found a transporter.
 19361 | Gauntlet | Noticed a death scarab
 19382 | Gauntlet | Noticed a glowing orange brain
 19446 | Gauntlet | Found a transporter.
 19447 | Gauntlet | Found a transporter.
 19448 | Gauntlet | Found a transporter.
 19457 | Gauntlet | Found a transporter.
 19462 | Gauntlet | Noticed a ghost crab
 19524 | Gauntlet | Found a transporter.
 19534 | Gauntlet | Found a transporter.
 19549 | Gauntlet | Found a transporter.
 19561 | Gauntlet | Found a transporter.
 19574 | Gauntlet | Found a transporter.
 19580 | Gauntlet | Found a transporter.
 19726 | Gauntlet | Reached XP level 13. HP: 65/96 MP: 0/0
 19726 | Gauntlet | Learned a level 5 spell: Manifold Assault
 19917 | Gauntlet | Reached skill level 10 in Fighting
 20064 | Gauntlet | Identified the +0 helmet "Gyniuc" {Harm SInv}
 20069 | Gauntlet | Identified the ring "Jogayvoc" {rPois rF- rC+++ Str+6 SInv}
 20069 | Gauntlet | Noticed a minotaur
 20079 | Gauntlet | Killed a minotaur
 20539 | Lair:1   | Reached skill level 5 in Shields
 20554 | Lair:1   | Noticed a five-headed hydra
 20573 | Lair:1   | Pacified a five-headed hydra
 20840 | Lair:1   | Reached skill level 6 in Shields
 20854 | Lair:1   | Reached skill level 7 in Shields
 21089 | Lair:1   | Noticed an eight-headed hydra
 21118 | Lair:1   | Killed an eight-headed hydra
 21321 | Lair:1   | Reached skill level 8 in Shields
 23700 | Lair:2   | Reached skill level 9 in Shields
 24097 | Lair:2   | Reached ***** piety under Elyvilon
 25279 | Lair:2   | Reached skill level 10 in Shields
 25745 | Lair:3   | Reached XP level 14. HP: 97/103 MP: 0/0
 26053 | Lair:3   | Found a hole to the Spider Nest.
 26062 | Lair:3   | Reached skill level 11 in Shields
 26539 | Lair:3   | Found a transporter.
 26604 | Lair:3   | Identified the +1 robe "Tezotal" {rCorr}
 26604 | Lair:3   | Noticed Vior's ghost (journeyman MiFi)
 26621 | Lair:3   | Found a transporter.
 26647 | Lair:3   | Reached skill level 12 in Shields
 27144 | Lair:4   | Reached skill level 1 in Long Blades
 29305 | Lair:4   | Reached skill level 13 in Shields
 30335 | Lair:4   | Found a staircase to the Swamp.
 30683 | Lair:5   | Found a frozen archway.
 30697 | IceCv    | Entered an ice cave
 30751 | IceCv    | Reached skill level 5 in Long Blades
 31269 | IceCv    | Noticed a reaper
 31281 | IceCv    | Killed a reaper
 31282 | IceCv    | Reached XP level 15. HP: 61/107 MP: 0/0
 31282 | IceCv    | Learned a level 6 spell: Starburst
 32237 | Lair:5   | Reached skill level 14 in Shields
 32814 | Lair:5   | Found a staircase to the Slime Pits.
 32815 | Lair:5   | Found a viscous altar of Jiyva.
 32823 | Lair:5   | Fell from the grace of Elyvilon
 32823 | Lair:5   | Became a worshipper of Jiyva Jabiv the Shapeless
 33572 | Lair:5   | Reached * piety under Jiyva
 34010 | Lair:6   | Entered Level 6 of the Lair of Beasts
 34345 | D:12     | Killed Rupert
 34472 | D:12     | Reached ** piety under Jiyva
 34914 | D:11     | Killed Urug
 35285 | Lair:6   | Reached *** piety under Jiyva
 35644 | Lair:6   | Gained mutation: Your body has grown eyes which may confuse
                  | attackers. (Acc +3) [Jiyva's grace]
 35644 | Lair:6   | Gained mutation: Your body has grown many eyes which may
                  | confuse attackers. (Acc +5) [Jiyva's grace]
 35644 | Lair:6   | Gained mutation: Your body is covered in eyes which may
                  | confuse attackers. (Acc +7, SInv) [Jiyva's grace]
 35644 | Lair:6   | Gained mutation: You are covered in slimy tendrils that may
                  | disarm your opponents. [Jiyva's grace]
 35838 | Lair:6   | Reached skill level 15 in Shields
 36021 | Lair:6   | Reached XP level 16. HP: 109/113 MP: 0/0
 36642 | Orc:1    | Entered Level 1 of the Orcish Mines
 36642 | Orc:1    | Reached **** piety under Jiyva
 36701 | D:10     | Slain by an orc warlord

Illustrated notes

Levels and vault maps discovered:
D:1:      wander_arrival_fairy_ring, layout_basic, serial_shops,
          nicolae_shop_stone, shapermc_ecumenical_altar_notcrosses,
          grunt_decor_junction
D:2:      layout_basic
D:3:      layout_basic, nicolae_overflow_ecumenical_swirl,
          yredelemnul_forgotten_temple_becter, minmay_misc_feat_tower
D:4:      layout_layer_cave, hangedman_decor_peaks_small,
          sigmund_edmund_badplayer
D:5:      cheibrodos_helix_gallery, layout_rooms, minmay_temple_entry_waves,
          portal_sewer_entry_a, serial_rivers, chequers_serial_rivers_large_b,
          chequers_serial_rivers_micro_d, chequers_serial_rivers_micro_a,
          chequers_serial_rivers_marsh, chequers_serial_rivers_small_b,
          chequers_serial_rivers_micro_c, uniq_duvessa
D:6:      minmay_octagon_keep, layout_layer_cave, grunt_dithmenos_shadows
D:7:      layout_loops_cross, grunt_ministairs_6
D:8:      layout_loops_ring, hellmonk_bongcloud_opening
D:9:      layout_long_grid, nicolae_vehumet_altar_sigil, lemuel_round_altar,
          ploomutoo_gammafunk_ghost_potion_laboratory, minmay_the_grid_2x2
          [minmay_the_grid_aliased_spiral, minmay_the_grid_plusring,
          minmay_the_grid_doors, minmay_the_grid_prize_inner_circle]
D:10:     layout_basic, mainiacjoe_overflow_brackets, david_lair_generic,
          uniq_maurice, uniq_erolcha
D:11:     layout_gridville, minmay_protected_statue, uniq_josephine,
          uniq_gastronok, uniq_urug, uniq_psyche
D:12:     layout_irregular_city, st_stairs_8, uniq_rupert
Temple:   eino_temple_rhombus
Lair:1:   layout_small_grid, gauntlet_entry_generic
Lair:2:   layout_cellular_growth, chequers_serial_rivers_micro_a,
          chequers_serial_rivers_large_a, cheibrodos_lair_reptile_den
Lair:3:   layout_chaotic_city, nicolae_spider_entry_tight_spaces,
          gammafunk_ghost_berserking_beasts
Lair:4:   layout_roguey [special_room_bee], nicolae_swamp_entry_splash_gauntlet,
          beast_lair_carwin_1, grunt_megastairs_2
Lair:5:   layout_cave_pods, slime_altar_1, portal_ice_cave_entry_pillars_2,
          st_stairs_7, hangedman_lair_unloving_vines,
          infiniplex_staircase_pool_2
Lair:6:   guppyfry_lair_end_dragon, layout_loops_ring,
          hangedman_lair_caniforms_friends, chequers_serial_rivers_micro_b,
          chequers_serial_rivers_room_a, disabler_island, lemuel_fruit_fields
Orc:1:    layout_caves, special_room [special_room_orc], basic_altar,
          uniq_sonja, uniq_snorg

Skill      XL: |  1  2  3  4  5  6  7  8  9 10 11 12 13 14 15 16 |
---------------+-------------------------------------------------+-----
Fighting       | 1 2 3 4 5 7 8 9 10 | 10.6
Spellcasting   | 4 5 6 7 8 10 11 12 | 12.4
Invocations    | 3 5 7 8 |  8.4
Shields        | 3 4 10 13 15 | 15.0
Dodging        | 6 7 |  7.0
Long Blades    | 5 8 9 |  9.0
Stealth        | |  1.5

Action                   |  1- 3 |  4- 6 |  7- 9 | 10-12 | 13-15 | 16-18 || total
-------------------------+-------+-------+-------+-------+-------+-------++-------
Melee: Unarmed           |    13 |       |       |       |       |       ||    13
       Short sword       |    41 |    10 |       |       |       |       ||    51
       Dagger            |       |     8 |     4 |       |       |       ||    12
       Staff             |       |       |       |     3 |     5 |       ||     8
       Double sword      |       |       |       |       |   425 |   158 ||   583
 Cast: Summon Small Mamm |    29 |    19 |       |       |       |       ||    48
       Call Imp          |    27 |    15 |     3 |       |       |       ||    45
       Call Canine Famil |     1 |     5 |     5 |    14 |     9 |       ||    34
       Scorch            |       |    37 |    77 |    26 |    90 |       ||   230
       Summon Guardian G |       |     6 |    17 |     5 |    21 |       ||    49
       Ozocubu's Armour  |       |       |     1 |       |     1 |       ||     2
       Stone Arrow       |       |       |    22 |   187 |   374 |       ||   583
       Summon Lightning  |       |       |     7 |    28 |    46 |     3 ||    84
       Leda's Liquefacti |       |       |       |     1 |       |       ||     1
       Manifold Assault  |       |       |       |       |   219 |    63 ||   282
       Starburst         |       |       |       |       |    34 |     5 ||    39
Invok: Heal Self         |       |       |       |     4 |     9 |       ||    13
       Heal Other        |       |       |       |       |     5 |       ||     5
Evoke: Wand              |       |       |       |     1 |     1 |       ||     2
  Use: Scroll            |     2 |     2 |    10 |    11 |    18 |       ||    43
       Potion            |       |     2 |     6 |     1 |     2 |       ||    11
 Stab: Sleeping          |     1 |       |       |       |       |       ||     1
       Distracted        |       |     1 |       |       |       |       ||     1
       Confused          |       |       |       |       |     2 |     2 ||     4
Armor: Robe              |    26 |    11 |    11 |     6 |       |       ||    54
       Acid dragon scale |       |       |       |    66 |   155 |    15 ||   236
Dodge: Dodged            |    75 |    24 |    16 |    73 |   257 |    20 ||   465
Block: Buckler           |       |       |       |     9 |     3 |       ||    12
       Kite shield       |       |       |       |       |   368 |    42 ||   410

Table legend: (Time is in decaauts)
 A = Elapsed time spent in this place.
 B = Non-inter-level travel time spent in this place.
 C = Inter-level travel time spent in this place.
 D = Time resting spent in this place.
 E = Time spent auto-exploring this place.
 F = Levels seen in this place.
 G = Mean time per level.
                   A        B        C        D        E       F      G
               +--------+--------+--------+--------+--------+-----+--------+
         Total |  36801 |  35411 |   1390 |   3482 |  27278 |  23 | 1600.0 |
       Dungeon |  20136 |  19312 |    824 |   1024 |  15970 |  12 | 1678.0 |
        Temple |    187 |    181 |      6 |      0 |    159 |   1 |  187.0 |
          Lair |  13813 |  13254 |    559 |   1842 |   9539 |   6 | 2302.2 |
  Orcish Mines |     24 |     24 |      0 |      0 |      0 |   1 |   24.0 |
         Sewer |    418 |    418 |      0 |    177 |    196 |   1 |  418.0 |
      Ice Cave |   1075 |   1075 |      0 |    239 |    641 |   1 | 1075.0 |
      Gauntlet |   1144 |   1144 |      0 |    200 |    773 |   1 | 1144.0 |
               +--------+--------+--------+--------+--------+-----+--------+

Top non-repeatable levels by time:
  Lair:3: 2891 daAuts
  Lair:4: 2637 daAuts
  Lair:1: 2531 daAuts
    D:11: 2448 daAuts
  Lair:2: 2411 daAuts
     D:6: 2215 daAuts
    D:10: 2131 daAuts
  Lair:5: 2009 daAuts
     D:1: 1855 daAuts
     D:9: 1853 daAuts
     D:3: 1846 daAuts
     D:2: 1720 daAuts
     D:4: 1685 daAuts
  Lair:6: 1332 daAuts
     D:5: 1278 daAuts
